Map: Orbital Shipyard

Players

Billyboy

  • Race: Terran Terran
  • League: Silver

wabbajack - Winner!

  • Race: Zerg Zerg
  • League: Gold

VOD

Have the link to the VOD?

Description

Time

  • Played on: July 19, 2015, 4:17 p.m.
  • Length: 14:15
Show
View Real Time Build Order
Export as new Build Order

Billyboy Terran 

Build Orders: Siege Tank Drop 

Get SALT Encoding   

  12  0:01  SCV  
  13  0:13  SCV  
  14  0:23  Supply Depot  
  14  0:25  SCV  
  15  0:30  Refinery  
  15  0:45  SCV  
  15  0:47  Barracks  
  16  0:57  SCV  
  17  1:09  SCV  
  18  1:19  Supply Depot  
  18  1:21  SCV  
  19  1:39  Orbital Command  
  19  1:44  Marine  
  19  1:45  Factory  
  20  2:00  Refinery  
  20  2:14  Marine  
  20  2:15  SCV  
  22  2:19  Supply Depot  
  22  2:29  Factory Tech Lab  
  22  2:30  Starport  
  22  2:31  SCV  
  23  2:43  SCV  
  23  2:54  Siege Tank  
  23  2:56  SCV  
  27  2:59  Marine  
  28  3:08  SCV  
  28  3:10  Medivac  
  31  3:16  Command Center  
  31  3:20  SCV  
  32  3:33  Siege Tank  
  35  3:34  SCV  
  35  3:39  Supply Depot  
  35  3:40  Marine  
  37  3:49  Starport Reactor  
  37  3:54  SCV  
  38  4:04  Marine, Widow Mine  
  38  4:06  SCV  
  42  4:18  Liberator  
  42  4:30  Armory  
  42  4:31  Marine  
  46  4:41  Widow Mine  
  47  5:05  Marine  
  48  5:07  Orbital Command  
  26  5:41  SCV  
  26  5:42  Liberator  
  24  5:54  SCV  
  28  6:06  SCV  
  28  6:07  Widow Mine  
  28  6:11  Orbital Command  
  31  6:17  Command Center  
  31  6:18  SCV  
  32  6:30  SCV  
  32  6:31  Marine  
  34  6:42  SCV  
  35  6:49  Marine  
  35  6:50  Widow Mine  
  38  6:54  SCV  
  39  7:06  SCV  
  39  7:15  Viking  
  37  7:30  Orbital Command  
  37  7:38  SCV  
  38  7:56  Marine  
  39  8:10  Engineering Bay  
  39  8:12  Refinery  
  39  8:14  Marine  
  40  8:23  SCV  
  40  8:25  SCV  
  42  8:28  Refinery  
  42  8:35  SCV  
  42  8:37  SCV  
  44  8:47  SCV  
  45  8:49  SCV  
  45  8:55  Medivac  
  48  9:02  SCV, Missile Turret  
  49  9:10  Siege Tank  
  49  9:14  SCV  
  49  9:16  Barracks Tech Lab  
  50  9:21  SCV x2  
  52  9:26  SCV  
  53  9:40  Orbital Command  
  53  9:44  SCV  
  54  9:46  SCV  
  54  9:52  Barracks  
  55  9:56  SCV  
  56  10:00  Barracks  
  56  10:04  Liberator x2  
  56  10:06  Stimpack  
  46  10:22  SCV  
  46  10:26  SCV  
  54  10:31  Refinery  
  54  10:33  SCV, Refinery  
  54  10:35  SCV  
  56  10:38  SCV  
  56  10:41  Barracks Reactor  
  57  10:45  SCV  
  58  10:50  SCV  
  59  11:02  SCV  
  57  11:07  SCV  
  57  11:10  Siege Tank  
  58  11:12  Barracks Tech Lab  
  58  11:14  SCV  
  59  11:19  SCV  
  58  11:26  SCV  
  58  11:31  SCV  
  60  11:35  Viking x2  
  60  11:38  SCV  
  64  11:50  SCV  
  67  11:54  Marauder, Marine x2  
  67  11:55  Marine  
  70  12:02  SCV  
  71  12:10  SCV x2  
  71  12:12  Marine  
  71  12:13  Marine  
  71  12:15  SCV  
  76  12:18  Supply Depot  
  76  12:20  Supply Depot  
  76  12:22  SCV  
  77  12:23  Marauder, Medivac x2  
  83  12:31  Marine  
  69  13:00  Marauder, Marine  
  69  13:01  Marauder  
  68  13:08  Viking x2  
  68  13:12  Starport, Concussive Shells, Marine  
  73  13:16  Siege Tank  
  73  13:18  SCV  
  77  13:22  Marauder x2  
  77  13:27  Marine  
  81  13:30  SCV, Marine  
  81  13:38  Viking  
  75  13:43  Marauder x2  
  75  13:47  Marine  
Show
View Real Time Build Order
Export as new Build Order

wabbajack Zerg - Winner!

Build Orders: Hatch First, Lurkers 

Get SALT Encoding   

  12  0:01  Drone  
  13  0:14  Drone  
  13  0:18  Overlord  
  14  0:24  Extractor  
  14  0:26  Drone  
  14  0:28  Extractor  
  13  0:30  Drone  
  16  0:37  Drone  
  17  0:55  Hatchery  
  16  0:59  Extractor  
  16  1:01  Drone  
  16  1:04  Drone  
  17  1:11  Drone  
  18  1:20  Spawning Pool  
  17  1:26  Drone  
  17  1:30  Drone  
  19  1:40  Drone  
  20  1:56  Drone  
  21  2:03  Drone  
  22  2:10  Queen  
  22  2:11  Queen  
  22  2:12  Metabolic Boost  
  22  2:13  Overlord  
  26  2:20  Zergling x4  
  28  2:27  Zergling x2, Extractor  
  28  2:46  Pneumatized Carapace  
  28  2:54  Drone  
  28  2:55  Drone x4  
  33  3:07  Overlord  
  33  3:08  Overlord  
  33  3:09  Baneling Nest  
  32  3:14  Drone  
  34  3:20  Drone x2, Roach Warren  
  34  3:25  Drone  
  35  3:27  Drone  
  36  3:37  Zergling x2  
  36  3:38  Zergling x2  
  36  3:40  Zergling x2  
  36  3:41  Zergling x4  
  40  3:44  Zergling x2  
  42  4:05  Baneling x4  
  42  4:09  Baneling x2  
  42  4:20  Hatchery, Overlord  
  42  4:22  Drone x5  
  42  4:23  Drone  
  47  4:31  Queen  
  38  5:01  Zergling x10  
  38  5:02  Zergling x12  
  32  5:43  Queen  
  32  5:47  Lair  
  34  6:15  Evolution Chamber  
  33  6:26  Drone  
  33  6:27  Drone x9  
  45  6:34  Spore Crawler  
  45  6:37  Spore Crawler  
  41  6:40  Spore Crawler  
  41  6:41  Drone x3  
  41  6:42  Drone, Spore Crawler  
  41  6:43  Spore Crawler  
  40  6:59  Drone x2  
  40  7:00  Drone x3  
  45  7:05  Spore Crawler  
  45  7:07  Drone x3, Spore Crawler  
  46  7:14  Spire  
  43  7:21  Drone  
  43  7:22  Drone  
  43  7:23  Drone  
  44  7:53  Baneling x3  
  44  7:54  Baneling  
  44  8:05  Hydralisk Den, Extractor  
  42  8:06  Drone x3, Extractor  
  42  8:07  Drone x3  
  42  8:08  Overlord x2  
  42  8:10  Drone  
  42  8:11  Drone x2  
  50  8:16  Drone  
  50  8:18  Drone  
  52  8:31  Zerg Missile Weapons Level 1  
  52  8:32  Corruptor x3  
  58  8:39  Hydralisk x2  
  62  8:41  Overlord x2  
  62  8:45  Queen  
  64  8:48  Lurker Den  
  64  8:50  Evolution Chamber  
  63  8:55  Overlord  
  63  9:39  Drone x4  
  63  9:40  Drone x5, Extractor  
  63  9:41  Drone x4  
  63  9:43  Drone, Spine Crawler  
  63  9:44  Drone x2, Spore Crawler  
  76  9:46  Extractor  
  76  9:47  Drone x3, Spore Crawler  
  76  9:50  Drone x2  
  76  9:51  Drone  
  80  9:54  Overlord x3  
  80  9:59  Zerg Ground Armor Level 1  
  80  10:01  Glial Reconstitution  
  76  10:19  Zergling x2  
  76  10:20  Zergling x4  
  79  10:21  Zergling x6  
  79  10:28  Muscular Augments  
  82  10:29  Lurker  
  82  10:30  Lurker, Hydralisk x5  
  94  10:47  Overlord x2  
  94  10:55  Baneling x2  
  94  10:56  Spine Crawler  
  93  10:57  Spore Crawler  
  92  11:09  Corruptor x4  
  92  11:10  Hydralisk x3  
  92  11:11  Roach x3  
  109  11:56  Corruptor  
  109  11:57  Corruptor x2  
  109  11:58  Overlord x4  
  113  12:05  Zerg Melee Weapons Level 1  
  112  12:22  Overseer x2  
  112  12:24  Overseer  
  112  12:27  Hatchery  
  111  12:35  Hydralisk  
  111  12:36  Hydralisk x4, Roach x3  
  111  12:37  Hatchery, Roach x3  
  128  12:38  Zergling x8  
  128  12:39  Zergling x12  
  130  13:06  Lurker x3  
  133  13:29  Baneling  
  133  13:30  Baneling x5  
  129  13:41  Extractor x2  
Tags
 
Add a new tag
Caveats
  • Supply blocks, unpowered buildings, or Contaminate may cause inaccurate times.
  • Supply counts are checked every 10 seconds.